 Dungeon Crawl Stone Soup version 0.29.0-4-gdea44cf6ec (webtiles) character file.

Game seed: 1387017622816893937

25 qw the Chopper (level 3, 0/21 HPs)
             Began as a Tengu Warper on Aug 28, 2022.
             Succumbed to their own poison gas
             ... on level 1 of the Dungeon.
             The game lasted 00:00:05 (838 turns).

qw the Chopper (Tengu Warper)                        Turns: 838, Time: 00:00:05

Health: 0/21       AC:  6    Str: 13    XL:     3   Next: 4%
Magic:  7/7        EV:  9    Int: 13    God:
Gold:   32         SH:  0    Dex: 13    Spells: 6/6 levels left

rFire   . . .      SeeInvis .   Y - +1 hand axe
rCold   . . .      Faith    .   (no shield)
rNeg    . . .      Spirit   .   e - +0 scale mail
rPois   .          Reflect  .   (helmet restricted)
rElec   .          Harm     .   (no cloak)
rCorr   .          Rampage  .   (no gloves)
Will    .....                   (boots unavailable)
Stlth   ..........              (no amulet)
HPRegen 0.07/turn               (no ring)
MPRegen 0.10/turn               (no ring)

@: lethally poisoned (0 -> -5)
A: beak, talons 3
a: no special abilities


You were on level 1 of the Dungeon.
You visited 1 branch of the dungeon, and saw 1 of its levels.

You collected 32 gold pieces.


Innate Abilities, Weirdness & Mutations

You have a beak for a mouth.
You have claws for feet.


   Skills:
 - Level 2.0 Fighting
 + Level 3.8 Axes
 - Level 1.0 Throwing
 - Level 1.1 Armour
 - Level 2.1 Dodging
 - Level 2.0 Spellcasting
 - Level 2.4 Translocations


You had 6 spell levels left.
You didn't know any spells.
Your spell library contained the following spells:

 Spells                   Type           Power      Damage    Failure   Level
 Blink                    Tloc           14%        N/A       56%         2
 Gell's Gravitas          Tloc           7%         N/A       80%         3
 Lesser Beckoning         Tloc           7%         N/A       80%         3
 Teleport Other           Tloc           7%         N/A       80%         3
 Manifold Assault         Tloc           7%         N/A       100%        5

Inventory:

Hand Weapons
 d - a +0 club
 Y - a +1 hand axe (weapon)
Armour
 e - a +0 scale mail (worn)
Potions
 f - a potion of attraction {unknown}
 h - 2 potions of heal wounds
 j - a potion of brilliance {unknown}
 k - a potion of flight {unknown}

Dungeon Overview and Level Annotations

Branches:
Dungeon (1/15)

Altars:


Message History

Done exploring.
829 ||| READING scroll labelled VIOSETHR EDYTEQ.
As you read the scroll labelled VIOSETHR EDYTEQ, it crumbles to dust.
You assume a fearsome visage.
Nothing appears to happen.
It was a scroll of fear.
Done exploring.
830 ||| READING scroll labelled PUOCHA ZOG JYL.
The air fills with toxic fumes!
As you read the scroll labelled PUOCHA ZOG JYL, it crumbles to dust.
It was a scroll of poison.
Done exploring.
831 ||| READING scroll labelled KAERUO DOOCATH.
As you read the scroll labelled KAERUO DOOCATH, it crumbles to dust.
It is a scroll of enchant weapon.
Your +0 hand axe glows red for a moment.
Done exploring.
832 ||| DRINKING 3 fuming ruby potions.
It was a potion of heal wounds.
You feel much better.
Done exploring.
833 ||| DROPPING scroll of blinking.
You drop a scroll of blinking.
Done exploring.
(D) Dungeon
Where to? (* - list waypoints, ? - help)
What level of the Dungeon? (default 1, ? - help) Sorry, I don't know how to get there.
Done exploring.
834 ||| Stepping randomly (stuck).
Really walk into that cloud of poison gas?
You are engulfed in poison gas.
You are poisoned.
You feel very sick.
835 ||| Stepping ~*~*~tactically~*~*~ (cloud).
You feel very sick.
Things that are here:
a scroll of blinking; a +0 leather armour
There is a lethal amount of poison in your body!
You feel sick.
There is a lethal amount of poison in your body!
You feel sick.
There is a lethal amount of poison in your body!
You die...

###########
#.........#
##.######.# #.# #.#
#.# #.# #.# #.#
#.######0############
#.#0@¤¤0¤0¤¤.........
##.#¤#¤000¤###>.......
#..#.#¤#000#..........
##.#.#¤¤.0¤###..#.#...
#.#.###..¤¤¤...#.#...
#.#.....¤.0¤...#.....
#........¤.¤.########
#........¤¤####### #
#.########.#777<.777#


There were no monsters in sight!

Vanquished Creatures
  A dart slug (D:1)
  3 ball pythons (D:1)
  7 bats (D:1)
  A giant cockroach (D:1)
  A hobgoblin (D:1)
  2 jackals (D:1)
  A frilled lizard (D:1)
  4 kobolds (D:1)
  2 rats (D:1)
22 creatures vanquished.

Notes
Turn   | Place    | Note
-------+----------+-------------------------------------------
     0 | D:1      | qw the Tengu Warper began the quest for the Orb.
     0 | D:1      | Reached XP level 1. HP: 12/12 MP: 4/4
     0 | D:1      | 0 ||| qw: Version: 0.1-a-89-g26bdef1
     0 | D:1      | 0 ||| qw: Game counter: 3129
     0 | D:1      | 0 ||| qw: Always use a shield: true
     0 | D:1      | 0 ||| qw: God list: Okawaru
     0 | D:1      | 0 ||| qw: Allow faded altars: false
     0 | D:1      | 0 ||| qw: Do Orc after D:15 true
     0 | D:1      | 0 ||| qw: Do second Lair branch before Depths: true
     0 | D:1      | 0 ||| qw: Lair rune preference: random
     0 | D:1      | 0 ||| qw: Plans: Normal
     0 | D:1      | 0 ||| PLANNING D:1-11
     5 | D:1      | Noticed an eight-headed hydra
     8 | D:1      | Noticed a black mamba
   114 | D:1      | Reached skill level 3 in Axes
   114 | D:1      | Reached XP level 2. HP: 16/17 MP: 6/6
   212 | D:1      | Found the +8 trident of the Octopus King {venom, rElec
                  | rPois}
   751 | D:1      | Reached XP level 3. HP: 21/21 MP: 7/7
   818 | D:1      | 818 ||| UPGRADING to +0 scale mail.
   828 | D:1      | 828 ||| DROPPING +0 leather armour.
   829 | D:1      | 829 ||| READING scroll labelled VIOSETHR EDYTEQ.
   830 | D:1      | 830 ||| READING scroll labelled PUOCHA ZOG JYL.
   831 | D:1      | 831 ||| READING scroll labelled KAERUO DOOCATH.
   832 | D:1      | 832 ||| DRINKING 3 fuming ruby potions.
   833 | D:1      | 833 ||| DROPPING scroll of blinking.
   834 | D:1      | 834 ||| Stepping randomly (stuck).
   835 | D:1      | 835 ||| Stepping ~*~*~tactically~*~*~ (cloud).
   835 | D:1      | HP: 5/21 [poisoned by you (poison gas)]
   837 | D:1      | HP: 1/21 [poisoned by you (poison gas)]
   838 | D:1      | Succumbed to their own poison gas

Levels and vault maps discovered:
D:1:      sevenhm_arrival_forest_fort_small_2, layout_basic, st_stairs_7,
          dk_noncrumbling_2

Skill      XL: |  1 |
---------------+----+-----
Axes           | 3 |  3.8
Fighting       | |  2.0
Throwing       | |  1.0
Armour         | |  1.1
Dodging        | |  2.1
Spellcasting   | |  2.0
Translocations | |  2.4

Action                   || total
-------------------------++-------
Melee: Hand axe          ||    40
       Peck              ||     8
       Kick              ||     5
       Punch             ||     1
Throw: Boomerang         ||     7
  Use: Scroll            ||     3
       Potion            ||     1
Armor: Leather armour    ||    13
Dodge: Dodged            ||    22

Table legend:
 A = Non-vault XP
 B = Vault XP
 C = Vault XP percentage of total XP
 D = Non-vault monster count
 E = Vault monster count
 F = Vault count percentage of total count
                 A         B        C        D         E       F
            +---------+---------+-------+---------+---------+-------
      Total |      34 |       2 |   5.6 |      21 |       1 |   4.5
            +---------+---------+-------+---------+---------+-------
        D:1 |      34 |       2 |   5.6 |      21 |       1 |   4.5
            +---------+---------+-------+---------+---------+-------
